 Dungeon Crawl Stone Soup version 0.28-a0-657-g71136c5590 (webtiles) character file.

Game seed: 8269112325808763305

42 lawman0 the Ruffian (level 3, -1/27 HPs)
             Began as a Palentonga Transmuter on Oct 13, 2021.
             Slain by Terence (6 damage)
             ... on level 2 of the Dungeon.
             The game lasted 00:01:55 (1997 turns).

lawman0 the Ruffian (Palentonga Transmuter)         Turns: 1997, Time: 00:01:56

Health: -1/27      AC:  5    Str: 13    XL:     3   Next: 33%
Magic:  1/6        EV:  9    Int: 14    God:
Gold:   17         SH:  0    Dex: 10    Spells: 0/6 levels left

rFire   + . .      SeeInvis +     - Unarmed
rCold   . . .      Faith    .   (no shield)
rNeg    . . .      Spirit   .   a - +0 robe
rPois   .          Reflect  .   (helmet currently unavailable)
rElec   .          Harm     .   d - +0 cloak
rCorr   .          Rampage  .   (no gloves)
Will    .....                   (no barding)
Stlth   +.........              (no amulet)
HPRegen 0.09/turn               f - ring of protection from fire
MPRegen 0.10/turn               (no ring)

@: appendages (expiring), very slightly contaminated
A: horns 2, talons 2, large, rugged brown scales 3, see invisible, deformed
body, roll 1, armoured tail
a: Rolling Charge, End Transformation


You were on level 2 of the Dungeon.
You had temporarily grown beastly horns and talons.
You visited 1 branch of the dungeon, and saw 2 of its levels.

You collected 95 gold pieces.
You spent 78 gold pieces at shops.

Inventory:

Armour
 a - a +0 robe (worn)
 d - a +0 cloak (worn)
Jewellery
 f - a ring of protection from fire (left hand)
Scrolls
 g - 2 scrolls of teleportation {unknown}
 i - a scroll of blinking
 j - a scroll of holy word {unknown}
Potions
 b - 2 potions of curing
 e - a potion of cancellation
 h - a potion of attraction {unknown}
 k - a potion of degeneration {unknown}


   Skills:
 + Level 1.1 Fighting
 + Level 1.6 Dodging
 * Level 3.7 Unarmed Combat
 + Level 2.3 Spellcasting
 * Level 2.6 Transmutations


You couldn't memorise any spells.
You knew the following spells:

 Your Spells              Type           Power      Damage    Failure   Level
a - Beastly Appendage     Tmut           18%        N/A       8%          1
b - Wereblood             Tmut           9%         N/A       12%         2
c - Spider Form           Tmut/Pois      2%         N/A       38%         3

Your spell library contained the following spells:

 Spells                   Type           Power      Damage    Failure   Level
 Ice Form                 Ice/Tmut       5%         N/A       80%         4


Dungeon Overview and Level Annotations

Branches:
Dungeon (2/15)

Altars:

Shops:
D:2 *

Annotations:
D:2 Terence


Innate Abilities, Weirdness & Mutations

You have temporarily grown beastly horns and talons.
You are completely covered in rugged brown scales. (AC +3, +7% HP)
You have supernaturally acute eyesight. (SInv)
Armour fits poorly on your strangely shaped body.
You can roll at nearby foes to attack.
You have a long armoured tail.


Message History

Terence hits you but does no damage.
You hit the quokka.
You headbutt the quokka, but do no damage.
The quokka is almost dead.
The quokka misses you. Terence barely misses you.
You closely miss the quokka. You claw the quokka.
You kill the quokka!
Terence hits you but does no damage.
It was a potion of heal wounds.
You feel much better. Terence barely misses you.
Terence hits you with a +0 trident!
You hit Terence but do no damage. Terence hits you with a +0 trident.
You hit Terence. You claw Terence, but do no damage. You headbutt Terence!
Terence is heavily wounded.
You completely miss Terence. Your headbutt misses Terence.
Terence is heavily wounded.
Terence closely misses you.
You hit Terence but do no damage. Your kick misses Terence.
Terence is heavily wounded.
Terence closely misses you.
You hit Terence but do no damage. You claw Terence, but do no damage.
Terence is heavily wounded.
Terence hits you with a +0 trident!
You hit Terence. You claw Terence. You tail-slap Terence.
Terence is severely wounded.
Terence shouts, "DIE!!!"
Terence closely misses you.
You barely miss Terence. You claw Terence.
Terence is severely wounded.
Your transformation is almost over.
Terence barely misses you.
You hit Terence but do no damage. You headbutt Terence, but do no damage.
Terence is severely wounded.
Terence hits you with a +0 trident.
* * * LOW HITPOINT WARNING * * *
Unknown command.
You closely miss Terence. You headbutt Terence, but do no damage.
Terence is severely wounded.
Terence hits you with a +0 trident.
You die...

........>..#
...#.###.#.#
####.......#
####...###
#......######
#.###.......#
##
###.####.####.#
.. #......#.#
#(#####.#
#.........
#..@@...#
...........
#########
....###....r
...## #.....#
...# #...@.#
...# #.....#
##.## ##..#
#....#
.##.###....#


You could see Terence.

Vanquished Creatures
  2 adders (D:2)
  4 ball pythons
  4 endoplasms
  2 hobgoblins (D:2)
  2 quokkas
  3 bats (D:1)
  A frilled lizard (D:2)
  2 goblins
  A kobold (D:1)
  2 rats
23 creatures vanquished.

Notes
Turn   | Place    | Note
-------+----------+-------------------------------------------
     0 | D:1      | lawman0 the Palentonga Transmuter began the quest for the
                  | Orb.
     0 | D:1      | Reached XP level 1. HP: 16/16 MP: 3/3
    69 | D:1      | Found a faded altar of an unknown god.
   690 | D:1      | Reached XP level 2. HP: 21/22 MP: 5/5
   739 | D:1      | Learned a level 2 spell: Wereblood
  1273 | D:2      | Found Lumatzat's Assorted Antiques.
  1281 | D:2      | Bought a scroll labelled RURYESTR TYEKLIMO for 21 gold
                  | pieces
  1281 | D:2      | Bought an inky potion for 18 gold pieces
  1281 | D:2      | Bought a scroll labelled SOAVEO BAEQIU for 21 gold pieces
  1281 | D:2      | Bought a fizzy coppery potion for 18 gold pieces
  1420 | D:2      | Reached XP level 3. HP: 13/27 MP: 4/6
  1639 | D:2      | Learned a level 3 spell: Spider Form
  1966 | D:2      | Noticed Terence
  1967 | D:2      | oh
  1997 | D:2      | Slain by Terence

Illustrated notes

...#..####.....
#.##..##...#########
...)............>..#
#.##..##...#.###.#.#
#.###.######.......#
#.# #.# ####...###
#.# #.#
#......###### #.#
#.# #.###.......#
#.###.#
###.####@####.#
....#.###......#.#
........#.........
#.#.#..............
#.#.........###....r
#.####.#...##
#.....# #.# #.#...#
#...@.# #.# #.#...#
#.....# #.# #..##.##


Turn 1967 on D:2: oh

Levels and vault maps discovered:
D:1:      dpeg_arrival_rooms_c, layout_loops_corners, basic_ecumenical_altar
D:2:      layout_basic, serial_shops, shop, chequers_serial_rivers_marsh,
          uniq_terence

Action                   || total
-------------------------++-------
Melee: Unarmed           ||    68
       Tailslap          ||     5
       Headbutt          ||    11
       Kick              ||     9
 Cast: Beastly Appendage ||    16
 Abil: Rolling Charge    ||     1
  Use: Scroll            ||     3
       Potion            ||     1
Armor: Robe              ||    25
Dodge: Dodged            ||    35

Table legend: (Time is in decaauts)
 A = Elapsed time spent in this place.
 B = Non-inter-level travel time spent in this place.
 C = Inter-level travel time spent in this place.
 D = Time resting spent in this place.
 E = Time spent auto-exploring this place.
 F = Levels seen in this place.
 G = Mean time per level.
                   A        B        C        D        E       F      G
               +--------+--------+--------+--------+--------+-----+--------+
         Total |   1993 |   1912 |     81 |    286 |   1399 |   2 |  996.5 |
       Dungeon |   1993 |   1912 |     81 |    286 |   1399 |   2 |  996.5 |
               +--------+--------+--------+--------+--------+-----+--------+

Top non-repeatable levels by time:
     D:1: 1165 daAuts
     D:2: 828 daAuts
